 Dungeon Crawl Stone Soup version 0.22-a0-259-gdd11e71 (webtiles) character file.

6351 RoseArtemis the Cleaver (level 10, -10/93 HPs)
             Began as a Minotaur Fighter on Mar 5, 2018.
             Was a High Priest of Okawaru.
             Mangled by Grum
             ... wielding a -1 glaive of venom
              (15 damage)
             ... on level 8 of the Dungeon.
             The game lasted 00:22:51 (8783 turns).

RoseArtemis the Cleaver (Minotaur Fighter)          Turns: 8783, Time: 00:22:52

Health: -10/93     AC:  9    Str: 24    XL:     10   Next: 65%
Magic:  8/9        EV: 13    Int:  5    God:    Okawaru [*****.]
Gold:   432        SH: 12    Dex: 10    Spells: 9/9 levels left

rFire    . . .     SeeInvis .   a - +0 war axe
rCold    + . .     Gourm    .   c - +0 shield
rNeg     . . .     Faith    .   b - +0 scale mail
rPois    .         Spirit   .   (helmet restricted)
rElec    .         Reflect  .   (no cloak)
rCorr    .         Harm     .   k - +1 pair of gloves
MR       .....                  (no boots)
Stlth    ..........             (no amulet)
HPRegen  0.25/turn              s - +4 ring of evasion
MPRegen  0.11/turn              u - ring of protection from cold

@: lethally poisoned (-10 -> -19)
A: retaliatory headbutt, horns 2
a: Heroism, Finesse, Renounce Religion


You were on level 8 of the Dungeon.
You worshipped Okawaru.
Okawaru was extremely pleased with you.
You were not hungry.

You visited 2 branches of the dungeon, and saw 9 of its levels.

You collected 454 gold pieces.
You spent 22 gold pieces at shops.

Inventory:

Hand Weapons
 a - a +0 war axe (weapon)
 j - a +0 mace of crushing
 l - a +1 short sword of venom
Armour
 b - a +0 scale mail (worn)
 c - a +0 shield (worn)
 k - a +1 pair of gloves (worn)
Jewellery
 s - a +4 ring of evasion (left hand)
 u - a ring of protection from cold (right hand)
 z - an uncursed ring of protection from cold
 B - an uncursed ring of fire {unknown}
 G - an uncursed ring of positive energy
 L - an uncursed ring of wizardry {unknown}
Wands
 r - a wand of iceblast (10)
 v - a wand of clouds (8)
 x - a wand of paralysis (12)
 J - a wand of disintegration (10)
 K - a wand of random effects (18)
Scrolls
 e - 6 scrolls of teleportation
 h - 2 scrolls of blinking
 i - 2 scrolls of enchant armour
 o - 3 scrolls of remove curse
 y - a scroll of enchant weapon {unknown}
 C - a scroll of fog {unknown}
 D - a scroll of noise {unknown}
 I - a scroll of fear {unknown}
Potions
 d - a potion of might
 m - 3 potions of flight
 p - a potion of curing {unknown}
 q - a potion of haste {unknown}
 t - a potion of ambrosia {unknown}
 w - a potion of agility
 A - a potion of berserk rage {unknown}
 E - a potion of heal wounds {unknown}
 F - 2 potions of lignification
 H - a potion of brilliance {unknown}
Comestibles
 f - 24 rations


   Skills:
 + Level 10.1 Fighting
 * Level 13.0 Axes
 - Level 6.0 Armour
 + Level 10.1 Shields


You had 9 spell levels left.
You didn't know any spells.

Dungeon Overview and Level Annotations

Branches:
Dungeon (8/15)             Temple (1/1) D:6
   Lair: D:8-11

Altars:
Ashenzari
Cheibriados
Dithmenos
Elyvilon
Fedhas
Hepliaklqana
Kikubaaqudgha
Makhleb
Okawaru
Qazlal
Ru
Sif Muna
Trog
Uskayaw
Vehumet
Wu Jian
Xom
Yredelemnul
Zin
The Shining One

Shops:
D:5 }*?

Annotations:
D:8 Grum


Innate Abilities, Weirdness & Mutations

You reflexively headbutt those who attack you in melee.
You have a pair of horns on your head.


Message History

You feel sick.
You cannot move.
You cannot move.
You cannot move.
You feel like a meek peon again.
You feel sick.
Grum hits you from afar with a glaive of venom.
* * * LOW HITPOINT WARNING * * *
Okay, then.
It was a potion of cancellation.
Your magical effects are unravelling.
You feel magically purged.
You feel less wooden.
Your +1 pair of gloves unmelds from your body.
Your +0 scale mail unmelds from your body.
You feel a little less mighty now.
* * * LOW HITPOINT WARNING * * *
You feel sick.
Grum hits you from afar with a glaive of venom!
You die...

#.(..............))(......
#.##............÷####)....
#.##...(............#.....
#.##..........(.....#.....
#.##................#####+
#.##.............####
#.##.................
#.#######†#####......
#......<#@# #......#
#########†# #......#
......g....# ......#
#####......# .....
#......# #........
#......... #...aP.....
#.....P..P.


You could see Grum and a worker ant (wandering).

Vanquished Creatures
  A two-headed ogre (D:6)
  The ghost of anet the Shield-Bearer, a novice GnFi (D:5)
  The ghost of kibaces the Ducker, a novice MfIE (D:7)
  8 yaks (D:8)
  Menkaure (D:7)
  A water moccasin (D:7)
  3 porcupines (D:8)
  A black bear (D:7)
  3 ice beasts
  5 sky beasts
  A phantom (D:5)
  An orc warrior (D:7)
  2 ogres
  2 wolves (D:8)
  2 centaurs
  3 crocodiles (D:8)
  A big kobold (D:8)
  A bullfrog (D:7)
  2 vampire bats (D:4)
  4 crimson imps
  5 hounds
  7 orc priests
  An iron imp (D:6)
  A jelly (D:7)
  6 orc wizards
  A centaur skeleton (D:4)
  Ijyb (D:4)
  Natasha (thrice) (D:2)
  3 iguanas
  Terence (D:2)
  5 worker ants
  3 killer bee zombies
  2 worker ant zombies
  Robin (D:2)
  4 gnolls (D:4)
  7 adders
  An ooze (D:1)
  4 worms
  A dart slug (D:1)
  6 leopard geckos
  22 orcs
  A ball python (D:4)
  6 giant cockroaches
  17 goblins
  11 hobgoblins
  10 jackals
  A quokka (D:7)
  13 bats
  6 frilled lizards
  A goblin skeleton (D:6)
  3 goblin zombies (D:6)
  2 hobgoblin zombies (D:6)
  17 kobolds
  3 kobold zombies (D:6)
  A leopard gecko skeleton (D:4)
  2 orc skeletons (D:6)
  2 orc zombies (D:6)
  2 rats (D:1)
227 creatures vanquished.

Vanquished Creatures (others)
  A wizard (D:7)
  5 plants (D:8)
6 creatures vanquished.

Grand Total: 233 creatures vanquished

Notes
Turn   | Place    | Note
-------+----------+-------------------------------------------
     0 | D:1      | RoseArtemis the Minotaur Fighter began the quest for the Orb.
     0 | D:1      | Reached XP level 1. HP: 19/19 MP: 0/0
   121 | D:1      | Reached XP level 2. HP: 14/27 MP: 1/1
   124 | D:1      | Reached skill level 3 in Axes
   484 | D:1      | Reached XP level 3. HP: 33/33 MP: 2/2
   908 | D:2      | Noticed Robin
   930 | D:2      | Killed Robin
  1063 | D:2      | Reached XP level 4. HP: 40/40 MP: 3/3
  1078 | D:2      | Noticed Natasha
  1083 | D:2      | Killed Natasha
  1083 | D:2      | Reached skill level 4 in Axes
  1103 | D:2      | Noticed Natasha
  1109 | D:2      | Killed Natasha
  1118 | D:2      | Noticed Natasha
  1122 | D:2      | Killed Natasha
  1122 | D:2      | Reached XP level 5. HP: 40/47 MP: 4/4
  1536 | D:2      | Noticed Terence
  1548 | D:2      | Killed Terence
  1853 | D:2      | Reached skill level 5 in Axes
  2151 | D:3      | Found a burning altar of Makhleb.
  2151 | D:3      | Found an iron altar of Okawaru.
  2201 | D:3      | Became a worshipper of Warmaster Okawaru
  2466 | D:3      | Found a radiant altar of Vehumet.
  2616 | D:4      | Noticed Ijyb
  2630 | D:4      | Reached XP level 6. HP: 26/55 MP: 5/5
  2639 | D:4      | Killed Ijyb
  2639 | D:4      | Reached skill level 5 in Armour
  2839 | D:4      | Reached skill level 5 in Fighting
  2839 | D:4      | Reached skill level 5 in Shields
  3442 | D:4      | Reached skill level 6 in Axes
  3442 | D:4      | Reached XP level 7. HP: 37/61 MP: 6/6
  3623 | D:4      | Reached * piety under Okawaru
  3772 | D:4      | Found the +4 Vampire's Tooth {vamp}
  4222 | D:5      | Entered Level 5 of the Dungeon
  4271 | D:5      | Reached skill level 7 in Axes
  4276 | D:5      | Reached ** piety under Okawaru
  4472 | D:5      | Reached XP level 8. HP: 70/70 MP: 7/7
  4602 | D:5      | Found Heluczu's Gadget Shop.
  4611 | D:5      | Noticed anet's ghost (novice GnFi)
  4628 | D:5      | Killed anet's ghost
  4628 | D:5      | Reached skill level 8 in Axes
  4816 | D:5      | Reached skill level 9 in Axes
  4945 | D:5      | Found Opaxis's Assorted Antiques.
  4968 | D:5      | Reached *** piety under Okawaru
  5033 | D:5      | Got an ichor-stained dagger
  5155 | D:5      | Found Kutun's Magic Scroll Shop.
  5166 | D:5      | Bought a scroll of identify for 22 gold pieces
  5193 | D:5      | Identified the cursed +1 dagger of Pechukig {freeze, +Blink Dex+4} (You found it on level 5 of the Dungeon)
  5606 | D:6      | Reached XP level 9. HP: 79/79 MP: 8/8
  5738 | D:6      | Found a staircase to the Ecumenical Temple.
  5818 | D:6      | Noticed a two-headed ogre
  5828 | D:6      | Killed a two-headed ogre
  5828 | D:6      | Reached **** piety under Okawaru
  5828 | D:6      | Reached skill level 10 in Axes
  6246 | D:6      | Found a glowing golden altar of the Shining One.
  6633 | Temple   | Entered the Ecumenical Temple
  6830 | D:7      | Reached skill level 11 in Axes
  6911 | D:7      | Found a shattered altar of Ashenzari.
  7091 | D:7      | Found a bloodstained altar of Trog.
  7094 | D:7      | Noticed a wizard
  7096 | D:7      | Noticed kibaces's ghost (novice MfIE)
  7106 | D:7      | Killed kibaces's ghost
  7485 | D:7      | Reached XP level 10. HP: 88/91 MP: 9/9
  7505 | D:7      | Found a bloodstained altar of Trog.
  7628 | D:7      | Found a snail-covered altar of Cheibriados.
  7629 | D:7      | Noticed Menkaure
  7644 | D:7      | Killed Menkaure
  7904 | D:7      | Killed a wizard
  8188 | D:7      | Reached ***** piety under Okawaru
  8188 | D:7      | Reached skill level 12 in Axes
  8745 | D:8      | Noticed Grum
  8772 | D:8      | Reached skill level 10 in Fighting
  8776 | D:8      | Reached skill level 13 in Axes
  8776 | D:8      | Reached skill level 10 in Shields
  8783 | D:8      | Mangled by Grum

Vault maps used:
D:1:      dpeg_arrival_rooms_b
D:2:      uniq_natasha, uniq_robin, uniq_terence
D:3:      fiery_altar_vehumet, amethyst_overflow_temple_binary,
          supply_closet_lemuel
D:4:      minmay_guarded_unrand_vampires_tooth, uniq_ijyb
D:5:      serial_shops, shop, shop, shop, first_ration
D:6:      nicolae_tso_besieged_by_evil, minmay_temple_entry_large_hall
D:7:      overflow_temple_1_default, lightli_temple_of_fire, basic_altar,
          grunt_ogre_cave, minmay_misc_feat_diagonals, trog_wizard,
          uniq_menkaure
D:8:      minmay_lair_entry_grove, uniq_maurice, uniq_grum
Temple:   eino_narrow_crystal_temple

Skill      XL: |  1  2  3  4  5  6  7  8  9 10 |
---------------+-------------------------------+-----
Axes           | 3 4 5 6 7 9 11 13 | 13.0
Fighting       | 4 5 6 7 9 10 | 10.1
Shields        | 4 5 6 7 9 10 | 10.1
Armour         | 4 5 6 |  6.0

Action                   |  1- 3 |  4- 6 |  7- 9 | 10-12 || total
-------------------------+-------+-------+-------+-------++-------
Melee: War axe           |    91 |   148 |   311 |   137 ||   687
       Headbutt          |    12 |    19 |    59 |    21 ||   111
Invok: Heroism           |       |       |     2 |     2 ||     4
  Use: Scroll            |     1 |     2 |     9 |     1 ||    13
       Potion            |       |       |     2 |     4 ||     6
  Eat: Chunk             |     1 |     7 |    14 |     4 ||    26
Armor: Scale mail        |    45 |    56 |    82 |    18 ||   201
       Skin              |       |       |       |     7 ||     7
Dodge: Dodged            |    27 |    44 |    83 |    35 ||   189
Block: Shield            |    39 |    81 |   136 |    70 ||   326

Table legend:
 A = Spawn XP
 B = Non-spawn XP
 C = Spawn XP percentage of total XP
 D = Spawn monster count
 E = Non-spawn monster count
 F = Spawn count percentage of total count
 G = Total turns spent on level
                    A         B        C        D         E        F      G
               +---------+---------+-------+---------+---------+-------+---------
         Total |       0 |    9073 |   0.0 |       0 |     227 |   0.0 |  8783
               +---------+---------+-------+---------+---------+-------+---------
           D:1 |       0 |      54 |   0.0 |       0 |      28 |   0.0 |   898
           D:2 |       0 |     282 |   0.0 |       0 |      42 |   0.0 |  1198
           D:3 |       0 |      38 |   0.0 |       0 |      12 |   0.0 |   777
           D:4 |       0 |     734 |   0.0 |       0 |      41 |   0.0 |  1451
           D:5 |       0 |    1619 |   0.0 |       0 |      16 |   0.0 |  1274
           D:6 |       0 |    1589 |   0.0 |       0 |      29 |   0.0 |  1050
           D:7 |       0 |    1864 |   0.0 |       0 |      32 |   0.0 |  1509
           D:8 |       0 |    2893 |   0.0 |       0 |      27 |   0.0 |   453
               +---------+---------+-------+---------+---------+-------+---------
